 Dungeon Crawl Stone Soup version 0.26-a0-597-gb535b0901c (webtiles) character file.

Game seed: 975424765482418424

5091 Cokeysmoke the Fighter (level 10, -2/127 HPs)
             Began as a Gnoll Wanderer on Sept 13, 2020.
             Was a Priest of Okawaru.
             Killed by divine providence
             ... invoked by an orc priest
              (14 damage)
             ... on level 8 of the Dungeon.
             The game lasted 00:24:22 (10004 turns).

Cokeysmoke the Fighter (Gnoll Wanderer)            Turns: 10004, Time: 00:24:23

Health: -2/127     AC: 25    Str: 14    XL:     10   Next: 57%
Magic:  6/6        EV:  2    Int: 15    God:    Okawaru [***...]
Gold:   409        SH:  0    Dex: 18    Spells: 19/19 levels left

rFire    . . .     SeeInvis +   t - +1 halberd (antimagic)
rCold    . . .     Faith    +   (shield currently unavailable)
rNeg     + + +     Spirit   .   (armour currently unavailable)
rPois    +         Reflect  .   (helmet currently unavailable)
rElec    .         Harm     .   (cloak currently unavailable)
rCorr    .         NoTele   +   (gloves currently unavailable)
MR       .....                  (boots currently unavailable)
Stlth    +++.......             g - amulet of faith
HPRegen  0.31/turn              q - +4 ring of evasion
MPRegen  0.10/turn              d - ring of see invisible

@: mighty, tree-form (expiring), slowed, very slow
A: distributed training, strong nose
a: Heroism, Renounce Religion


You were on level 8 of the Dungeon.
You worshipped Okawaru.
Okawaru was most pleased with you.
You were a tree.
You visited 2 branches of the dungeon, and saw 9 of its levels.
You also visited: Ossuary.

You collected 409 gold pieces.

Inventory:

Hand Weapons
 t - a +1 antimagic halberd (weapon)
 x - a +2 vorpal war axe
 z - a +2 vorpal hunting sling
 M - a +0 fustibalus
Missiles
 c - 3 javelins (quivered)
 n - 2 throwing nets
 v - 5 poisoned darts
 y - 65 sling bullets
 F - 112 arrows
Armour
 i - a +0 cloak (melded)
 j - a +1 helmet (melded)
 I - a +0 pair of boots (melded)
 N - +1 steam dragon scales (melded)
Magical Staves
 G - an uncursed staff of poison
Jewellery
 d - a ring of see invisible (right branch)
 g - an amulet of faith (around neck)
 l - an uncursed amulet of magic regeneration
 q - a +4 ring of evasion (left branch)
 C - a +6 ring of intelligence
Wands
 s - a wand of paralysis (3)
 B - a wand of acid (3)
Scrolls
 e - 6 scrolls of teleportation
 h - a scroll of holy word
 k - 2 scrolls of fear
 m - 3 scrolls of fog
 p - 5 scrolls of enchant weapon
 u - 6 scrolls of amnesia
 w - 3 scrolls of remove curse
 A - a scroll of magic mapping
Potions
 a - a potion of haste
 f - 5 potions of curing
 o - a potion of stabbing
 D - a potion of magic {unknown}
 E - 2 potions of brilliance {unknown}


   Skills:
 + Level 10.1 Fighting
 + Level 5.4 Short Blades
 + Level 5.4 Long Blades
 + Level 5.4 Axes
 + Level 5.4 Maces & Flails
 + Level 8.6 Polearms
 + Level 5.4 Staves
 + Level 5.4 Slings
 + Level 5.4 Bows
 + Level 5.4 Crossbows
 + Level 6.0 Throwing
 + Level 5.4 Armour
 + Level 5.4 Dodging
 + Level 6.0 Stealth
 + Level 5.4 Shields
 + Level 6.0 Unarmed Combat
 + Level 5.4 Spellcasting
 + Level 4.4 Conjurations
 + Level 4.4 Hexes
 + Level 4.4 Summonings
 + Level 4.4 Necromancy
 + Level 4.4 Translocations
 + Level 4.4 Transmutations
 + Level 4.4 Fire Magic
 + Level 4.4 Ice Magic
 + Level 4.4 Air Magic
 + Level 4.4 Earth Magic
 + Level 4.4 Poison Magic
 + Level 5.9 Invocations
 + Level 5.4 Evocations


You had 19 spell levels left.
You didn't know any spells.
Your spell library contained the following spells:

 Spells                   Type           Power        Failure   Level
 Sandblast                Erth           ###...       2%          1
 Passwall                 Tmut/Erth      ###.....     3%          2
 Stone Arrow              Conj/Erth      ###...       8%          3
 Petrify                  Tmut/Erth      ###.....     24%         4
 Lee's Rapid Deconstruct  Erth           ###.......   56%         5


Dungeon Overview and Level Annotations

Branches:
Dungeon (8/15)             Temple (1/1) D:6         Ossuary (visited)
   Lair: D:8-11

Altars:
Ashenzari
Cheibriados
Dithmenos
Elyvilon
Fedhas
Gozag
Hepliaklqana
Kikubaaqudgha
Makhleb
Nemelex Xobeh
Okawaru
Ru
Sif Muna
Trog
Vehumet
Wu Jian
Xom
Yredelemnul
Zin
The Shining One


Innate Abilities, Weirdness & Mutations

Your experience applies equally to all skills.
((You have very sharp teeth.))
Your uncanny sense of smell can sniff out nearby items.


Message History

* * * LOW HITPOINT WARNING * * *
It was a potion of might.
You feel very mighty all of a sudden. The orc priest completely misses you.
The orc wizard barely misses you.
You slash the orc wizard!
You kill the orc wizard!
Okawaru accepts your kill.
The orc priest hits you but does no damage.
The orc priest miscasts a cantrip.
The orc priest looks satisfied for a moment.
You slice the orc priest!!
You kill the orc priest!
Okawaru accepts your kill.
Your Stealth skill increases to level 6!
You puncture the orc priest!
The orc priest is almost dead.
The orc priest hits you but does no damage.
The orc priest calls down the wrath of Beogh upon you.
Beogh smites you!
You die...

#..'..........'.
#.##..........#
#######.##..........#
..>.....##..........#
##'###..##..........#
#..#####'########
##.## #..........
#.####).#
#..#########
#...o♣..#
#..######<##
#######!#
#..#....#.## #.#
#..'....'.## #.#
##.#....#### #..
#.##.......
##+###.##.......
#......##.≈≈≈...
#......##..≈≈...
#####......##...≈...


You could see an orc priest.

Vanquished Creatures
  A two-headed ogre (D:8)
  Joseph (D:7)
  Maggie (D:7)
  Prince Ribbit (D:7)
  Sigmund (D:3)
  A black bear (D:7)
  2 sky beasts
  An ice beast (D:6)
  4 orc warriors
  7 ogres
  2 centaurs
  2 bullfrogs
  2 scorpions
  A howler monkey (D:5)
  A quasit (D:7)
  Crazy Yiuf (D:5)
  2 centaur zombies
  2 jellies
  5 hounds
  3 bullfrog skeletons
  6 orc priests
  Jessica (D:3)
  Ijyb (D:3)
  3 iguanas
  10 orc wizards
  5 worker ants
  6 big kobold zombies (Ossuary)
  2 hound skeletons
  A mummy (Ossuary)
  A howler monkey zombie (D:8)
  7 gnolls
  14 adders
  2 shadow imps
  An ufetubus (D:7)
  An ooze (D:5)
  4 worms
  3 dart slugs
  7 leopard geckos
  40 orcs
  4 spectral bats (Ossuary)
  2 ball pythons
  5 bats
  A giant cockroach (D:7)
  11 goblins
  8 hobgoblins
  13 jackals
  5 quokkas
  4 bat simulacra (Ossuary)
  8 frilled lizards
  6 gnoll zombies (Ossuary)
  A goblin simulacrum (Ossuary)
  7 goblin zombies
  2 hobgoblin zombies (Ossuary)
  13 kobolds
  2 kobold simulacra (Ossuary)
  4 kobold zombies (Ossuary)
  A leopard gecko zombie (D:7)
  6 orc zombies (Ossuary)
  A quokka zombie (D:4)
  13 rats
  A rat simulacrum (Ossuary)
  8 spectral goblins (Ossuary)
  A spectral kobold (Ossuary)
  5 spectral rats (Ossuary)
288 creatures vanquished.

Notes
Turn   | Place    | Note
-------+----------+-------------------------------------------
     0 | D:1      | Cokeysmoke the Gnoll Wanderer began the quest for the Orb.
     0 | D:1      | Cokeysmoke set off with the following items: a +2 spear, 2
                  | potions of lignification, a +0 robe
     0 | D:1      | Reached XP level 1. HP: 26/26 MP: 1/1
   120 | D:1      | Reached XP level 2. HP: 29/33 MP: 2/2
   640 | D:1      | Reached XP level 3. HP: 37/38 MP: 3/3
   780 | D:2      | Reached skill level 1 in Invocations
   820 | D:2      | Reached skill level 1 in Short Blades
   820 | D:2      | Reached skill level 1 in Long Blades
   820 | D:2      | Reached skill level 1 in Axes
   820 | D:2      | Reached skill level 1 in Maces & Flails
   820 | D:2      | Reached skill level 1 in Staves
   820 | D:2      | Reached skill level 1 in Slings
   820 | D:2      | Reached skill level 1 in Bows
   820 | D:2      | Reached skill level 1 in Crossbows
   820 | D:2      | Reached skill level 1 in Armour
   820 | D:2      | Reached skill level 1 in Dodging
   820 | D:2      | Reached skill level 1 in Shields
   820 | D:2      | Reached skill level 1 in Spellcasting
   820 | D:2      | Reached skill level 1 in Evocations
   830 | D:2      | Reached XP level 4. HP: 38/45 MP: 5/5
  1130 | D:2      | Reached skill level 1 in Conjurations
  1130 | D:2      | Reached skill level 1 in Hexes
  1130 | D:2      | Reached skill level 1 in Summonings
  1130 | D:2      | Reached skill level 1 in Necromancy
  1130 | D:2      | Reached skill level 1 in Translocations
  1130 | D:2      | Reached skill level 1 in Transmutations
  1130 | D:2      | Reached skill level 1 in Fire Magic
  1130 | D:2      | Reached skill level 1 in Ice Magic
  1130 | D:2      | Reached skill level 1 in Air Magic
  1130 | D:2      | Reached skill level 1 in Earth Magic
  1130 | D:2      | Reached skill level 1 in Poison Magic
  1643 | D:3      | Noticed Ijyb
  1648 | D:3      | Paralysed by Ijyb for 4 turns
  1659 | D:3      | Killed Ijyb
  1659 | D:3      | Reached XP level 5. HP: 51/51 MP: 5/7
  2126 | D:3      | Noticed Sigmund
  2160 | D:3      | Killed Sigmund
  2160 | D:3      | Reached XP level 6. HP: 20/57 MP: 7/9
  2484 | D:3      | Noticed Jessica
  2495 | D:3      | Killed Jessica
  2766 | D:4      | Reached XP level 7. HP: 58/63 MP: 10/10
  2826 | D:4      | Found a sand-covered staircase.
  2845 | Ossuary  | Entered an ossuary
  3531 | Ossuary  | Reached skill level 9 in Fighting
  3877 | D:4      | Reached XP level 8. HP: 64/71 MP: 12/12
  4487 | D:5      | Entered Level 5 of the Dungeon
  5840 | D:5      | Noticed a moth of wrath
  5843 | D:5      | Found a bloodstained altar of Trog.
  6249 | D:5      | Found a radiant altar of Vehumet.
  6299 | D:5      | Found a runed translucent door.
  6300 | D:5      | Noticed Crazy Yiuf
  6309 | D:5      | Killed Crazy Yiuf
  6606 | D:6      | Reached XP level 9. HP: 54/76 MP: 14/14
  7128 | D:6      | Found an opulent altar of Gozag.
  7227 | D:6      | Found a shimmering blue altar of Sif Muna.
  7447 | D:6      | Reached skill level 5 in Throwing
  7447 | D:6      | Reached skill level 5 in Unarmed Combat
  7672 | D:6      | Found a staircase to the Ecumenical Temple.
  7681 | Temple   | Entered the Ecumenical Temple
  7750 | Temple   | Became a worshipper of Warmaster Okawaru
  7856 | D:7      | Noticed Prince Ribbit
  7870 | D:7      | Killed Prince Ribbit
  7870 | D:7      | Reached skill level 5 in Stealth
  8141 | D:7      | Noticed Maggie
  8158 | D:7      | Killed Maggie
  8158 | D:7      | Reached * piety under Okawaru
  8158 | D:7      | Reached skill level 5 in Invocations
  8697 | D:7      | Reached XP level 10. HP: 68/85 MP: 5/17
  8916 | D:7      | Noticed Joseph
  8941 | D:7      | Killed Joseph
  8941 | D:7      | Reached ** piety under Okawaru
  8941 | D:7      | Reached skill level 5 in Short Blades
  8941 | D:7      | Reached skill level 5 in Long Blades
  8941 | D:7      | Reached skill level 5 in Axes
  8941 | D:7      | Reached skill level 5 in Maces & Flails
  8941 | D:7      | Reached skill level 5 in Staves
  8941 | D:7      | Reached skill level 5 in Slings
  8941 | D:7      | Reached skill level 5 in Bows
  8941 | D:7      | Reached skill level 5 in Crossbows
  8941 | D:7      | Reached skill level 5 in Armour
  8941 | D:7      | Reached skill level 5 in Dodging
  8941 | D:7      | Reached skill level 5 in Shields
  8941 | D:7      | Reached skill level 5 in Spellcasting
  8941 | D:7      | Reached skill level 5 in Evocations
  9228 | D:8      | Found a white marble altar of Elyvilon.
  9596 | D:8      | Reached skill level 10 in Fighting
  9720 | D:8      | Found a hazy altar of Hepliaklqana.
  9778 | D:8      | Noticed a two-headed ogre
  9787 | D:8      | Killed a two-headed ogre
  9787 | D:8      | Reached *** piety under Okawaru
 10004 | D:8      | Killed from afar by an orc priest

Illustrated notes

Levels and vault maps discovered:
D:1:      dpeg_arrival_subterranean_lakeside_camping, layout_basic
D:2:      minmay_recursive_quarters, layout_basic, grunt_ministairs_1
D:3:      layout_loops_ring, kennysheep_doodads, uniq_ijyb, uniq_sigmund,
          uniq_jessica
D:4:      layout_basic, enter_ossuary_4
D:5:      layout_loops_ring, kennysheep_mini_moat, tgw_trog,
          uniq_crazy_yiuf_cottage
D:6:      layout_loops_cross, lemuel_doored_altar, led_sif_book,
          minmay_temple_entry_poolview
D:7:      layout_gridville, uniq_maggie, uniq_joseph, uniq_prince_ribbit1
D:8:      layout_basic, lemuel_crystal_altar, elyvilon_altar_5,
          kennysheep_little_box
Temple:   nicolae_temple_great_sept

Skill      XL: |  1  2  3  4  5  6  7  8  9 10 |
---------------+-------------------------------+-----
Invocations    | 1 2 3 4 5 |  5.9
Short Blades   | 1 2 3 4 5 |  5.4
Long Blades    | 1 2 3 4 5 |  5.4
Axes           | 1 2 3 4 5 |  5.4
Maces & Flails | 1 2 3 4 5 |  5.4
Staves         | 1 2 3 4 5 |  5.4
Slings         | 1 2 3 4 5 |  5.4
Bows           | 1 2 3 4 5 |  5.4
Crossbows      | 1 2 3 4 5 |  5.4
Armour         | 1 2 3 4 5 |  5.4
Dodging        | 1 2 3 4 5 |  5.4
Shields        | 1 2 3 4 5 |  5.4
Spellcasting   | 1 2 3 4 5 |  5.4
Evocations     | 1 2 3 4 5 |  5.4
Conjurations   | 1 2 3 4 |  4.4
Hexes          | 1 2 3 4 |  4.4
Summonings     | 1 2 3 4 |  4.4
Necromancy     | 1 2 3 4 |  4.4
Translocations | 1 2 3 4 |  4.4
Transmutations | 1 2 3 4 |  4.4
Fire Magic     | 1 2 3 4 |  4.4
Ice Magic      | 1 2 3 4 |  4.4
Air Magic      | 1 2 3 4 |  4.4
Earth Magic    | 1 2 3 4 |  4.4
Poison Magic   | 1 2 3 4 |  4.4
Throwing       | 3 4 5 6 |  6.0
Unarmed Combat | 3 4 5 6 |  6.0
Stealth        | 3 4 5 6 |  6.0
Polearms       | 7 8 |  8.6
Fighting       | 9 10 | 10.1

Action                   |  1- 3 |  4- 6 |  7- 9 | 10-12 || total
-------------------------+-------+-------+-------+-------++-------
Melee: Spear             |    91 |   224 |   386 |       ||   701
       Bite              |     2 |    17 |    96 |    20 ||   135
       Punch             |       |     2 |     6 |       ||     8
       Quarterstaff      |       |       |   231 |       ||   231
       Halberd           |       |       |   148 |   167 ||   315
Throw: Javelin           |       |     3 |    12 |     3 ||    18
  Use: Scroll            |     1 |       |    15 |     1 ||    17
       Potion            |       |     1 |     1 |     3 ||     5
 Stab: Sleeping          |     1 |     3 |    24 |     3 ||    31
       Distracted        |       |       |     1 |     1 ||     2
Armor: Robe              |     3 |    10 |    49 |       ||    62
       Scale mail        |    27 |    40 |       |       ||    67
       Skin              |       |     7 |       |    21 ||    28
       Plate armour      |       |       |   229 |       ||   229
       Steam dragon scal |       |       |    17 |    35 ||    52
Dodge: Dodged            |    31 |    80 |   417 |   143 ||   671

Table legend: (Time is in decaauts)
 A = Elapsed time spent in this place.
 B = Non-inter-level travel time spent in this place.
 C = Inter-level travel time spent in this place.
 D = Time resting spent in this place.
 E = Time spent auto-exploring this place.
 F = Levels seen in this place.
 G = Mean time per level.
                   A        B        C        D        E       F      G
               +--------+--------+--------+--------+--------+-----+--------+
         Total |   9885 |   9629 |    256 |    803 |   6593 |  10 |  988.5 |
       Dungeon |   9126 |   8870 |    256 |    803 |   6113 |   8 | 1140.8 |
        Temple |     79 |     79 |      0 |      0 |     61 |   1 |   79.0 |
       Ossuary |    679 |    679 |      0 |      0 |    419 |   1 |  679.0 |
               +--------+--------+--------+--------+--------+-----+--------+

Top non-repeatable levels by time:
     D:5: 1928 daAuts
     D:6: 1342 daAuts
     D:7: 1324 daAuts
     D:3: 1074 daAuts
     D:4: 963 daAuts
     D:2: 908 daAuts
     D:8: 885 daAuts
     D:1: 700 daAuts
 Ossuary: 679 daAuts
  Temple: 79 daAuts
